 Dungeon Crawl Stone Soup version 0.20-a0-4-gd166d5d (console) character file.

118 brucemayne the Chopper (level 4, -9/52 HPs)
             Began as a Demonspawn Berserker on Oct 31, 2016.
             Was a Believer of Trog.
             Mangled by sveltemanboy's ghost (17 damage)
             ... on level 4 of the Dungeon.
             The game lasted 00:04:22 (687 turns).

brucemayne the Chopper (Demonspawn Berserker)        Turns: 687, Time: 00:04:23

Health: -9/52      AC:  9    Str: 24    XL:     4   Next: 72%
Magic:  4/4        EV: 10    Int:  8    God:    Trog [**....]
Gold:   63         SH:  0    Dex: 12    Spells: 0 memorised, 3 levels left

rFire  . . .     SeeInvis .     a - +0 hand axe
rCold  . . .     Gourm    .     f - +1 scale mail
rNeg   . . .     Faith    .     (no shield)
rPois  .         Spirit   .     (no helmet)
rElec  .         Reflect  .     (no cloak)
rCorr  .         Harm     .     (no gloves)
MR     ++...                    (no boots)
Stlth  ..........               (no amulet)
                                (no ring)
                                j - ring of loudness (curse)

@: berserking (expiring), regenerating, very quick
A: thin metallic scales 1
a: Berserk, Trog's Hand, Burn Spellbooks, Renounce Religion


You were on level 4 of the Dungeon.
You worshipped Trog.
Trog was pleased with you.
You were near starving.

You visited 1 branch of the dungeon, and saw 4 of its levels.

You collected 63 gold pieces.

Inventory:

Hand Weapons
 a - a +0 hand axe (weapon)
Armour
 b - a +0 animal skin
 e - a +0 buckler
 f - a +1 scale mail (worn)
Jewellery
 j - a cursed ring of loudness (left hand)
Scrolls
 g - a scroll of fog {unknown}
Potions
 d - a potion of ambrosia {unknown}
 h - a potion of degeneration {unknown}
Comestibles
 c - 2 bread rations
 i - 3 chunks of flesh


   Skills:
 - Level 3.0 Fighting
 + Level 5.0 Axes
 - Level 1.7 Armour
 - Level 1.7 Dodging


You had 3 spell levels left.
You didn't know any spells.

Dungeon Overview and Level Annotations

Branches:
Dungeon (4/15)
 Temple: D:4-7

Altars:

Annotations:
D:4 sveltemanboy's ghost, amateur DsGl


Innate Abilities, Weirdness & Mutations

You are partially covered in thin metallic scales. (AC +2)


Message History

Sveltemanboy's ghost is lightly damaged.
Sveltemanboy's ghost hits you but does no damage.
You barely miss sveltemanboy's ghost.
Sveltemanboy's ghost is lightly damaged.
Sveltemanboy's ghost misses you.
You are near starving!
You closely miss sveltemanboy's ghost.
Sveltemanboy's ghost is lightly damaged.
You closely miss sveltemanboy's ghost.
Sveltemanboy's ghost is lightly damaged.
Sveltemanboy's ghost hits you.
* * * LOW HITPOINT WARNING * * *
You closely miss sveltemanboy's ghost.
Sveltemanboy's ghost is lightly damaged.
Sveltemanboy's ghost hits you!
* * * LOW HITPOINT WARNING * * *
You barely miss sveltemanboy's ghost.
Sveltemanboy's ghost is lightly damaged.
Sveltemanboy's ghost hits you!
You die...

##..#....<#
##.........##
...###......#
###.........#
............#
#.####.....#
#.....#
#W†...#
#@....#
#.....#
......#
##.....#
#.....#
#...##.#
#.#.# ...
#.#.. .#


You could see sveltemanboy's ghost.

Vanquished Creatures
  The ghost of Philosophy the Shooter, a weakling CeHu (D:3)
  An orc wizard (D:3)
  2 adders
  A leopard gecko (D:3)
  3 orcs (D:3)
  A giant cockroach (D:2)
  5 goblins
  2 hobgoblins (D:3)
  2 jackals (D:4)
  A kobold (D:2)
  A ball python (D:3)
  3 bats
  3 rats
26 creatures vanquished.

Notes
Turn   | Place    | Note
-------+----------+-------------------------------------------
     0 | D:1      | brucemayne the Demonspawn Berserker began the quest for the Orb.
     0 | D:1      | Reached XP level 1. HP: 18/18 MP: 1/1
   147 | D:1      | Reached skill level 3 in Axes
   269 | D:2      | Gained mutation: You are partially covered in thin metallic scales. (AC +2) [demonic ancestry]
   269 | D:2      | Reached XP level 2. HP: 24/24 MP: 2/2
   407 | D:3      | Noticed Philosophy's ghost (weakling CeHu)
   416 | D:3      | Killed Philosophy's ghost
   416 | D:3      | Reached skill level 4 in Axes
   416 | D:3      | Reached XP level 3. HP: 8/29 MP: 3/3
   418 | D:3      | Reached XP level 4. HP: 11/35 MP: 4/4
   524 | D:3      | Reached ** piety under Trog
   528 | D:3      | Reached skill level 5 in Axes
   672 | D:4      | Noticed sveltemanboy's ghost (amateur DsGl)
   687 | D:4      | Mangled by sveltemanboy's ghost

Vault maps used:
D:1:      co_arrival_random_square_maze
D:2:      kennysheep_ying_yang
D:3:      kennysheep_slug_shrine
D:4:      serial_curves, eino_curves_03, eino_curves_03, first_bread,
          nicolae_qazlal_general_emergency

Skill      XL: |  1  2  3  4 |
---------------+-------------+-----
Axes           | 3 4 5 |  5.0
Fighting       | |  3.0
Armour         | |  1.7
Dodging        | |  1.7

Action                   |  1- 3 |  4- 6 || total
-------------------------+-------+-------++-------
Melee: Hand axe          |    50 |    47 ||    97
Invok: Berserk           |     2 |     3 ||     5
       Trog's Hand       |       |     1 ||     1
  Use: Scroll            |     4 |     2 ||     6
  Eat: Chunk             |       |     3 ||     3
Armor: Scale mail        |    21 |    25 ||    46
Dodge: Dodged            |    42 |    38 ||    80
